 Dungeon Crawl Stone Soup version 0.18-a0-1551-g40744a8 (webtiles) character file.

120 dvd the Insei (level 5, -2/34 HPs)
             Began as an Octopode Transmuter on Mar 11, 2016.
             Was an Initiate of Cheibriados.
             Slain by a gnoll
             ... wielding a +0 club
              (7 damage)
             ... on level 3 of the Dungeon.
             The game lasted 00:06:41 (2342 turns).

dvd the Insei (Octopode Transmuter)                 Turns: 2342, Time: 00:06:42

Health: -2/34      AC:  1    Str: 10    XL:     5   Next: 4%
Magic:  4/8        EV: 13    Int: 22    God:    Cheibriados [......]
Gold:   160        SH:  0    Dex: 14    Spells: 2 memorised, 4 levels left

rFire  + . .     SeeInvis .       - Unarmed
rCold  + . .     Gourm    .     (no shield)
rNeg   . . .     Faith    .     (helmet restricted)
rPois  +         Spirit   .     (no amulet)
rElec  +         Dismiss  .     (no ring)
rCorr  +         Reflect  .     (no ring)
SustAt .         Harm     .     (no ring)
MR     .....                    (no ring)
Stlth  +++.......               (no ring)
                                (no ring)
                                (no ring)
                                (no ring)

@: brilliant, appendage, resistant, very slightly contaminated, hasted,
invisible, very quick, not resistant to hostile enchantments, fairly stealthy
A: almost no armour, amphibious, 8 rings, constrict 8, tentacle spike 3,
camouflage 1, gelatinous body 1
a: End Transformation, Bend Time, Renounce Religion


You were on level 3 of the Dungeon.
You worshipped Cheibriados.
Cheibriados was noncommittal.
You were not hungry.
One of your tentacles had a temporary spike.
You visited 1 branch of the dungeon, and saw 3 of its levels.

You collected 160 gold pieces.

Inventory:

Hand Weapons
 l - a +2 spear of piercing
Missiles
 a - 34 arrows
 p - 13 poisoned arrows
Scrolls
 d - 2 scrolls of teleportation {unknown}
 e - a scroll of recharging {unknown}
 m - a scroll of amnesia {unknown}
 n - 2 scrolls of identify {unknown}
Potions
 j - a potion of brilliance
Books
 b - a book of Changes

   Spells                             Type                      Level
   a - Beastly Appendage              Transmutation                1
   b - Sticks to Snakes               Transmutation                2
   c - Spider Form                    Transmutation/Poison         3
   d - Ice Form                       Ice/Transmutation            4
   e - Blade Hands                    Transmutation                5
Comestibles
 c - 2 bread rations
 f - 2 meat rations
 g - a slice of pizza
 h - 3 royal jellies


   Skills:
 + Level 1.7 Fighting
 + Level 2.5 Dodging
 + Level 2.4 Stealth
 + Level 3.8 Unarmed Combat
 + Level 2.4 Spellcasting
 + Level 2.7 Transmutations


You had 4 spell levels left.
You knew the following spells:

 Your Spells              Type           Power        Failure   Level  Hunger
a - Beastly Appendage     Trmt           ####..       1%          1    None
b - Spider Form           Trmt/Pois      ###.......   3%          3    ###....


Dungeon Overview and Level Annotations

Branches:
Dungeon (3/15)

Altars:
Cheibriados
Dithmenos
Makhleb
Pakellas
Qazlal
Sif Muna
Zin

Annotations:
D:3 Bubs's ghost, weakling HOFi


Innate Abilities, Weirdness & Mutations

You cannot wear most types of armour.
You are amphibious.
You can wear up to eight rings at the same time.
You can use your tentacles to constrict eight enemies at once.
Your skin changes colour to match your surroundings (Stealth).
Your rubbery body absorbs attacks (AC +1).
One of your tentacles bears a large vicious spike.


Message History

It was a potion of haste.
You feel yourself speed up.
Cheibriados forgives your accidental hurry, just this once.
Bubs's ghost closely misses you.
Drink which item? (? for menu, Esc to quit)
It was a potion of invisibility.
You fade into invisibility!
Bubs's ghost misses you.
Your tentacle spike disappears.
There is an open door here.
You start resting.
You are feeling very hungry.
Eat which item? (? for menu, Esc to quit)
Mmm...
Super Supreme.
There is an open door here.
The gnoll barely misses you.
Casting: Beastly Appendage
Confirm with . or Enter, or press ? or * to list all spells.
One of your tentacles grows a vicious spike.
The gnoll hits you with a club!
You die...

##################
#.....[...........
#.####.W##########
#.#####'####
#@##)..W...#
#g##..)♣...#
#)##..♣[♣..#
#.##.♣.♣.♣.#
#####.##..♣.♣..#
#<.)..##...♣...#
####†.##.......#
..........#########
.####....#.#


You could see a gnoll.

Vanquished Creatures
  Jessica (D:3)
  3 gnolls (D:3)
  2 adders
  2 dart slugs
  2 giant geckos
  An orc (D:3)
  2 giant cockroaches
  7 hobgoblins
  A quokka (D:2)
  5 bats
  A giant newt (D:1)
  5 goblins
  3 kobolds
  8 rats
43 creatures vanquished.

Notes
Turn   | Place    | Note
--------------------------------------------------------------
     0 | D:1      | dvd the Octopode Transmuter began the quest for the Orb.
     0 | D:1      | Reached XP level 1. HP: 13/13 MP: 3/3
   287 | D:1      | Reached XP level 2. HP: 18/18 MP: 3/5
   502 | D:1      | Reached skill level 1 in Stealth
  1174 | D:2      | Reached XP level 3. HP: 23/23 MP: 4/6
  1223 | D:2      | Learned a level 3 spell: Spider Form
  1591 | D:2      | Found a shadowy altar of Dithmenos.
  1591 | D:2      | Found a stormy altar of Qazlal.
  1591 | D:2      | Found a snail-covered altar of Cheibriados.
  1591 | D:2      | Found a burning altar of Makhleb.
  1604 | D:2      | Found a glowing silver altar of Zin.
  1606 | D:2      | Became a worshipper of Cheibriados the Contemplative
  1609 | D:2      | Found a deep blue altar of Sif Muna.
  1674 | D:2      | Found an oddly glowing altar of Pakellas.
  2247 | D:3      | Reached XP level 4. HP: 22/29 MP: 7/7
  2290 | D:3      | Noticed Jessica
  2298 | D:3      | Noticed Bubs's ghost (weakling HOFi)
  2298 | D:3      | Killed Jessica
  2304 | D:3      | Reached XP level 5. HP: 15/34 MP: 2/8
  2342 | D:3      | Slain by a gnoll

Vault maps used:
D:1:      onia_arrival_mini_maze_b
D:2:      lemuel_doored_altar, minmay_overflow_temple_hex, first_bread,
          minmay_misc_feat_roman, minmay_misc_feat_room
D:3:      kennysheep_generic_room_10, uniq_jessica, uniq_natasha

Skill      XL: |  1  2  3 |
---------------+----------+-----
Stealth        | 1 2 |  2.4
Fighting       | |  1.7
Dodging        | |  2.5
Unarmed Combat | |  3.8
Spellcasting   | |  2.4
Transmutations | |  2.7

Action                   |  1- 3 |  4- 6 || total
-------------------------+-------+-------++-------
Melee: Unarmed           |    70 |    18 ||    88
 Cast: Beastly Appendage |    22 |     3 ||    25
       Spider Form       |       |     1 ||     1
 Abil: End Transformatio |       |     1 ||     1
  Use: Potion            |       |     4 ||     4
 Stab: Sleeping          |     9 |       ||     9
  Eat: Chunk             |     3 |       ||     3
       Beef jerky        |     1 |       ||     1
       Pizza             |       |     1 ||     1
